| TOP OF THE 1ST |
|
Texas Rangers batting - Pitching for Houston Astros : RHP Kevin Ovens-Toots
|
|
Pitching: RHP Kevin Ovens-Toots
|
|
|
Batting: LHB Da Vo
|
0-0: Ball 1-0: Ball 2-0: Ball 3-0: Base on Balls
|
|
Batting: RHB David Casas
|
0-0: Ball 1-0: Ball 2-0: Ball 3-0: Base on Balls Da Vo to second
|
|
Batting: SHB Jun Tsuda
|
0-0: Called Strike 0-1: Lines into TRIPLE play, 5-4-3 (Line Drive, 5, EV 67.5 MPH)
|
| Top of the 1st over - 0 runs, 0 hits, 0 errors, 0 left on base; Texas 0 - Houston 0 |
| BOTTOM OF THE 1ST |
|
Houston Astros batting - Pitching for Texas Rangers : RHP Kelly Goosecock
|
|
Pitching: RHP Kelly Goosecock
|
|
|
Batting: RHB Matt Thompson
|
0-0: Swinging Strike 0-1: Swinging Strike 0-2: Foul Ball, location: 2F 0-2: Ball 1-2: Ball 2-2: Foul Ball, location: 2F 2-2: Ball 3-2: Base on Balls
|
|
Batting: RHB Chang-wei Jiang
|
0-0: Foul Ball, location: 2F 0-1: Called Strike 0-2: Ball 1-2: Ball 2-2: Grounds into double play, 5-4-3 (Groundball, 56, EV 108.8 MPH)
|
|
Batting: SHB Addick de Vries
|
0-0: Called Strike 0-1: Ball 1-1: Foul Ball, location: 2F 1-2: Strikes out swinging
|
| Bottom of the 1st over - 0 runs, 0 hits, 0 errors, 0 left on base; Texas 0 - Houston 0 |
| TOP OF THE 2ND |
|
Texas Rangers batting - Pitching for Houston Astros : RHP Kevin Ovens-Toots
|
|
Batting: SHB John Giesbrecht
|
0-0: Ball 1-0: Ball 2-0: Ball 3-0: Called Strike 3-1: Base on Balls
|
|
Batting: LHB Cody Schumacher
|
0-0: Ball 1-0: Ball 2-0: DOUBLE (Flyball, 78XD, EV 101.2 MPH) John Giesbrecht to third
|
|
Batting: RHB Bert Clark
|
0-0: Called Strike 0-1: Ball 1-1: Fly out, F8 (Flyball, 8LD, EV 95.6 MPH) Runner from 3rd tags up, SCORES, throw by CF Cody Schumacher to third
|
|
Batting: SHB Vince Ealy
|
0-0: Fly out, F7 (Flyball, 7LS, EV 75.0 MPH)
|
|
Batting: RHB Rich Stinson
|
0-0: Foul Ball, location: 2F 0-1: Ball 1-1: Swinging Strike 1-2: Foul Ball, location: 2F 1-2: Strikes out looking
|
| Top of the 2nd over - 1 run, 1 hit, 0 errors, 1 left on base; Texas 1 - Houston 0 |
| BOTTOM OF THE 2ND |
|
Houston Astros batting - Pitching for Texas Rangers : RHP Kelly Goosecock
|
|
Batting: RHB Danny Dyer
|
0-0: Ball 1-0: Ball 2-0: Ball 3-0: Base on Balls
|
|
Batting: SHB Joe Gardner
|
0-0: Ball 1-0: Called Strike 1-1: Foul Ball, location: 2F 1-2: Foul Ball, location: 2F 1-2: Grounds into double play, 4-6-3 (Groundball, 34, EV 85.6 MPH)
|
|
Batting: RHB Trevor Mock
|
0-0: Ball 1-0: Ball 2-0: Swinging Strike 2-1: Ball 3-1: Foul Ball, location: 2F 3-2: SINGLE (Line Drive, 78S, EV 103.8 MPH)
|
|
Batting: LHB Bryce Hill
|
0-0: Ball 1-0: Ball 2-0: Called Strike 2-1: Fly out, F8 (Flyball, 89M, EV 91.2 MPH)
|
| Bottom of the 2nd over - 0 runs, 1 hit, 0 errors, 1 left on base; Texas 1 - Houston 0 |
| TOP OF THE 3RD |
|
Texas Rangers batting - Pitching for Houston Astros : RHP Kevin Ovens-Toots
|
|
Batting: RHB Edwin Madrid
|
0-0: Ball 1-0: SINGLE (Line Drive, 89S, EV 101.9 MPH)
|
|
Batting: LHB Da Vo
|
0-0: SINGLE (Line Drive, 9S, EV 102.5 MPH) Edwin Madrid to second
|
|
Batting: RHB David Casas
|
0-0: Ball 1-0: Fly out, F8 (Flyball, 78M, EV 83.8 MPH)
|
|
Batting: SHB Jun Tsuda
|
0-0: Called Strike Edwin Madrid steals 3rd base Da Vo to second 0-1: Foul Ball, location: 2F 0-2: Fly out, F8 (Flyball, 8RXD, EV 80.6 MPH) Runner from 3rd tags up, SCORES, no throw by CF Da Vo to third
|
|
Batting: SHB John Giesbrecht
|
0-0: Ball 1-0: Foul Ball, location: 2F 1-1: Ball 2-1: Foul Ball, location: 2F 2-2: Ball 3-2: Foul Ball, location: 2F 3-2: Foul Ball, location: 2F 3-2: Foul Ball, location: 2F 3-2: Ground out 4-3 (Groundball, 4S, EV 81.2 MPH)
|
| Top of the 3rd over - 1 run, 2 hits, 0 errors, 1 left on base; Texas 2 - Houston 0 |
| BOTTOM OF THE 3RD |
|
Houston Astros batting - Pitching for Texas Rangers : RHP Kelly Goosecock
|
|
Batting: RHB Josh Froyd
|
0-0: Called Strike 0-1: Swinging Strike 0-2: Foul Ball, location: 2F 0-2: Ball 1-2: Ball 2-2: Strikes out swinging
|
|
Batting: LHB Jim Keefe
|
0-0: Called Strike 0-1: Ball 1-1: Foul Ball, location: 2F 1-2: SINGLE (Groundball, 34D, EV 107.5 MPH)
|
|
Batting: RHB Matt Thompson
|
0-0: Ball 1-0: Called Strike 1-1: Called Strike 1-2: Foul Ball, location: 2F 1-2: Ball Wild Pitch! Jim Keefe to second 2-2: Ball 3-2: Foul Ball, location: 2F 3-2: Foul Ball, location: 2F 3-2: Foul Ball, location: 2F 3-2: Strikes out swinging
|
|
Batting: RHB Chang-wei Jiang
|
0-0: Ground out U3 (Groundball, 3S, EV 83.1 MPH)
|
| Bottom of the 3rd over - 0 runs, 1 hit, 0 errors, 1 left on base; Texas 2 - Houston 0 |
| TOP OF THE 4TH |
|
Texas Rangers batting - Pitching for Houston Astros : RHP Kevin Ovens-Toots
|
|
Batting: LHB Cody Schumacher
|
0-0: Called Strike 0-1: Ball 1-1: DOUBLE (Line Drive, 7LD, EV 110.0 MPH)
|
|
Batting: RHB Bert Clark
|
0-0: Ball 1-0: Foul Ball, location: 2F 1-1: SINGLE (Flyball, 6D, EV 89.4 MPH) Cody Schumacher to third
|
|
Batting: SHB Vince Ealy
|
0-0: Called Strike Bert Clark steals 2nd base 0-1: Foul Ball, location: 2F 0-2: Ball 1-2: Fly out, F5 (Popup, 56S, EV 72.5 MPH)
|
|
Batting: RHB Rich Stinson
|
0-0: Ball 1-0: Ball 2-0: Fly out, F8 (Flyball, 78D, EV 105.0 MPH) Runner from 3rd tags up, OUT at HOME! 8-2
|
| Top of the 4th over - 0 runs, 2 hits, 0 errors, 1 left on base; Texas 2 - Houston 0 |
| BOTTOM OF THE 4TH |
|
Houston Astros batting - Pitching for Texas Rangers : RHP Kelly Goosecock
|
|
Batting: SHB Addick de Vries
|
0-0: Ball 1-0: Ground out 4-3 (Groundball, 4, EV 92.5 MPH)
|
|
Batting: RHB Danny Dyer
|
0-0: Foul Ball, location: 2F 0-1: Foul Ball, location: 2F 0-2: Ball 1-2: Strikes out swinging
|
|
Batting: SHB Joe Gardner
|
0-0: Ball 1-0: SINGLE (Line Drive, 7S, EV 90.0 MPH)
|
|
Batting: RHB Trevor Mock
|
0-0: Ball 1-0: Called Strike 1-1: Fielders Choice at 2nd, 6-4 (Groundball, 6, EV 101.2 MPH)
|
| Bottom of the 4th over - 0 runs, 1 hit, 0 errors, 1 left on base; Texas 2 - Houston 0 |
| TOP OF THE 5TH |
|
Texas Rangers batting - Pitching for Houston Astros : RHP Kevin Ovens-Toots
|
|
Batting: RHB Edwin Madrid
|
0-0: Ball 1-0: Ball 2-0: Foul Ball, location: 2F 2-1: Fly out, F8 (Flyball, 89M, EV 83.8 MPH)
|
|
Batting: LHB Da Vo
|
0-0: Ball 1-0: Foul Ball, location: 2F 1-1: Foul Ball, location: 2F 1-2: Ball 2-2: Ground out 2-3 (Groundball, 2L, EV 75.0 MPH)
|
|
Batting: RHB David Casas
|
0-0: Called Strike 0-1: Foul Ball, location: 2F 0-2: Foul Ball, location: 2F 0-2: Ball 1-2: Ground out 4-3 (Groundball, 4, EV 83.8 MPH)
|
| Top of the 5th over - 0 runs, 0 hits, 0 errors, 0 left on base; Texas 2 - Houston 0 |
| BOTTOM OF THE 5TH |
|
Houston Astros batting - Pitching for Texas Rangers : RHP Kelly Goosecock
|
|
Batting: LHB Bryce Hill
|
0-0: Called Strike 0-1: Ball 1-1: Swinging Strike 1-2: Ball 2-2: Ball 3-2: Foul Ball, location: 2F 3-2: Strikes out looking
|
|
Batting: RHB Josh Froyd
|
0-0: Fly out, F7 (Line Drive, 7, EV 96.9 MPH)
|
|
Batting: LHB Jim Keefe
|
0-0: Ball 1-0: Ball 2-0: Foul Ball, location: 2F 2-1: Swinging Strike 2-2: Foul Ball, location: 2F 2-2: Fly out, F9 (Flyball, 89D, EV 96.2 MPH)
|
| Bottom of the 5th over - 0 runs, 0 hits, 0 errors, 0 left on base; Texas 2 - Houston 0 |
| TOP OF THE 6TH |
|
Texas Rangers batting - Pitching for Houston Astros : RHP Kevin Ovens-Toots
|
|
Batting: SHB Jun Tsuda
|
0-0: Called Strike 0-1: Called Strike 0-2: Ball 1-2: Fly out, F7 (Flyball, 7S, EV 76.2 MPH)
|
|
Batting: SHB John Giesbrecht
|
0-0: Ball 1-0: Ball 2-0: SINGLE (Groundball, 6MS, EV 61.9 MPH) (infield hit)
|
|
Batting: LHB Cody Schumacher
|
0-0: Called Strike 0-1: Called Strike 0-2: Ball 1-2: Ball 2-2: Strikes out swinging
|
|
Batting: RHB Bert Clark
|
0-0: Ball 1-0: Called Strike 1-1: Ball 2-1: Foul Ball, location: 2F 2-2: SINGLE (Flyball, 6MD, EV 88.8 MPH) John Giesbrecht to second Runner from 2nd tries for 3rd, OUT! 8-5
|
| Top of the 6th over - 0 runs, 2 hits, 0 errors, 1 left on base; Texas 2 - Houston 0 |
| BOTTOM OF THE 6TH |
|
Houston Astros batting - Pitching for Texas Rangers : RHP Kelly Goosecock
|
|
Batting: RHB Matt Thompson
|
0-0: Called Strike 0-1: Fly out, F5 (Popup, 5SF, EV 87.5 MPH)
|
|
Batting: RHB Chang-wei Jiang
|
0-0: Ball 1-0: Ball 2-0: Foul Ball, location: 2F 2-1: Foul Ball, location: 2F 2-2: Ball 3-2: Strikes out swinging
|
|
Batting: SHB Addick de Vries
|
0-0: Called Strike 0-1: Ball 1-1: SINGLE (Flyball, 3D, EV 94.4 MPH)
|
|
Batting: RHB Danny Dyer
|
0-0: Ball 1-0: Called Strike 1-1: Ball 2-1: Ground out 1-3 (Groundball, 34S, EV 68.1 MPH)
|
| Bottom of the 6th over - 0 runs, 1 hit, 0 errors, 1 left on base; Texas 2 - Houston 0 |
| TOP OF THE 7TH |
|
Texas Rangers batting - Pitching for Houston Astros : RHP Kevin Ovens-Toots
|
|
Batting: SHB Vince Ealy
|
0-0: Ball 1-0: Ball 2-0: Called Strike 2-1: Ball 3-1: Swinging Strike 3-2: Foul Ball, location: 2F 3-2: Strikes out swinging
|
|
Batting: RHB Rich Stinson
|
0-0: Called Strike 0-1: Ball 1-1: Called Strike 1-2: Strikes out swinging
|
|
Batting: RHB Edwin Madrid
|
0-0: Ball 1-0: Ball 2-0: Ball 3-0: Base on Balls
|
|
Batting: LHB Da Vo
|
0-0: Ball 1-0: Ball 2-0: Ball 3-0: Called Strike 3-1: Swinging Strike 3-2: Base on Balls Edwin Madrid to second
|
|
Pitching: RHP Jose Saenz
|
|
|
Batting: RHB David Casas
|
0-0: Called Strike 0-1: Ball 1-1: Foul Ball, location: 2F 1-2: Strikes out swinging
|
| Top of the 7th over - 0 runs, 0 hits, 0 errors, 2 left on base; Texas 2 - Houston 0 |
| BOTTOM OF THE 7TH |
|
Houston Astros batting - Pitching for Texas Rangers : RHP Kelly Goosecock
|
|
Now at 1B: Johan de Vries
|
|
|
Batting: SHB Joe Gardner
|
0-0: Ball 1-0: Called Strike 1-1: Swinging Strike 1-2: Foul Ball, location: 2F 1-2: Ball 2-2: Foul Ball, location: 2F 2-2: Foul Ball, location: 2F 2-2: Foul Ball, location: 2F 2-2: Ball 3-2: Ground out 4-3 (Groundball, 4, EV 100.6 MPH)
|
|
Pitching: RHP Nate Burnett
|
|
|
Batting: RHB Trevor Mock
|
0-0: Ball 1-0: Called Strike 1-1: Foul Ball, location: 2F 1-2: Ball 2-2: Strikes out swinging
|
|
Batting: LHB Bryce Hill
|
0-0: Called Strike 0-1: Ball 1-1: Ball 2-1: Ball 3-1: Called Strike 3-2: Foul Ball, location: 2F 3-2: Base on Balls
|
|
Batting: RHB Josh Froyd
|
0-0: Ball 1-0: Fielders Choice at 2nd, 6-4 (Groundball, 6, EV 79.4 MPH)
|
| Bottom of the 7th over - 0 runs, 0 hits, 0 errors, 1 left on base; Texas 2 - Houston 0 |
| TOP OF THE 8TH |
|
Texas Rangers batting - Pitching for Houston Astros : RHP Jose Saenz
|
|
Batting: SHB Jun Tsuda
|
0-0: Ball 1-0: Foul Ball, location: 2F 1-1: Ball 2-1: Fly out, F8 (Flyball, 89XD, EV 88.8 MPH)
|
|
Batting: SHB John Giesbrecht
|
0-0: Fly out, F8 (Flyball, 8LS, EV 90.6 MPH)
|
|
Batting: LHB Cody Schumacher
|
0-0: Ball 1-0: Called Strike 1-1: Ball 2-1: Foul Ball, location: 2F 2-2: Fly out, F9 (Flyball, 9S, EV 95.6 MPH)
|
| Top of the 8th over - 0 runs, 0 hits, 0 errors, 0 left on base; Texas 2 - Houston 0 |
| BOTTOM OF THE 8TH |
|
Houston Astros batting - Pitching for Texas Rangers : RHP Nate Burnett
|
|
Batting: LHB Jim Keefe
|
0-0: Foul Ball, location: 2F 0-1: Ball 1-1: Fly out, F7 (Flyball, 7, EV 88.8 MPH)
|
|
Batting: RHB Matt Thompson
|
0-0: Ball 1-0: Ball 2-0: Ball 3-0: Foul Ball, location: 2F 3-1: SINGLE (Groundball, 4M, EV 106.9 MPH) (infield hit)
|
|
Batting: RHB Chang-wei Jiang
|
0-0: Ball 1-0: Called Strike 1-1: Ball 2-1: DOUBLE (Groundball, 5L, EV 100.0 MPH) Matt Thompson to third
|
|
Batting: SHB Addick de Vries
|
0-0: Called Strike 0-1: Ground out 1-3 (Groundball, 13, EV 61.9 MPH)
|
|
Batting: RHB Danny Dyer
|
0-0: Called Strike 0-1: Foul Ball, location: 2F 0-2: Strikes out swinging
|
| Bottom of the 8th over - 0 runs, 2 hits, 0 errors, 2 left on base; Texas 2 - Houston 0 |
| TOP OF THE 9TH |
|
Texas Rangers batting - Pitching for Houston Astros : RHP Jose Saenz
|
|
Batting: RHB Bert Clark
|
0-0: Ball 1-0: Fly out, F8 (Flyball, 78D, EV 93.1 MPH)
|
|
Batting: SHB Vince Ealy
|
0-0: Called Strike 0-1: Fly out, F7 (Flyball, 7S, EV 93.8 MPH)
|
|
Batting: RHB Rich Stinson
|
0-0: Foul Ball, location: 2F 0-1: Ball 1-1: Swinging Strike 1-2: Ball 2-2: Ball 3-2: Strikes out looking
|
| Top of the 9th over - 0 runs, 0 hits, 0 errors, 0 left on base; Texas 2 - Houston 0 |
| BOTTOM OF THE 9TH |
|
Houston Astros batting - Pitching for Texas Rangers : RHP Nate Burnett
|
|
Pitching: RHP Brad Kramer
|
|
|
Now in LF: Casey Semenza
|
|
|
Batting: SHB Joe Gardner
|
0-0: Ground out 4-3 (Groundball, 4, EV 80.6 MPH)
|
|
Pinch Hitting: LHB Ian Jarvis
|
0-0: Ball 1-0: Ball 2-0: Foul Ball, location: 2F 2-1: Ball 3-1: Base on Balls
|
|
Batting: LHB Bryce Hill
|
0-0: Called Strike 0-1: Fly out, F3 (Popup, 34, EV 60.6 MPH)
|
|
Batting: RHB Josh Froyd
|
0-0: Ball 1-0: Ball 2-0: Called Strike 2-1: Foul Ball, location: 2F 2-2: SINGLE (Groundball, 4D, EV 106.9 MPH) Ian Jarvis to second
|
|
Batting: LHB Jim Keefe
|
0-0: Fly out, F7 (Flyball, 7S, EV 89.4 MPH)
|
| Bottom of the 9th over - 0 runs, 1 hit, 0 errors, 2 left on base; Texas 2 - Houston 0 |
|